 Dungeon Crawl Stone Soup version 0.25-a0-785-gb22c70e (webtiles) character file.

Game seed: 10115209247605474550, levelgen mode: deterministic

1080 Kurtz the Chopper (level 8, -8/59 HPs)
             Began as a Mummy Chaos Knight on Apr 17, 2020.
             Was a Plaything of Xom.
             Killed by divine providence
             ... invoked by a sphinx
              (11 damage)
             ... on level 4 of the Dungeon.
             The game lasted 00:06:36 (5518 turns).

Kurtz the Chopper (Mummy Chaos Knight)              Turns: 5518, Time: 00:06:37

Health: -8/59      AC: 12    Str: 15      XL:     8   Next: 8%
Magic:  8/8        EV: 11    Int: 11      God:    Xom [....*.]
Gold:   222        SH:  0    Dex: 13 (14) Spells: 7/7 levels left

rFire    x . .     SeeInvis .   x - +1 hand axe (elec)
rCold    + . .     Gourm    .   (no shield)
rNeg     + + +     Faith    .   e - +4 ring mail
rPois    ∞         Spirit   .   (no helmet)
rElec    +         Reflect  .   j - +0 cloak
rCorr    .         Harm     .   g - +0 pair of gloves
MR       +....                  f - +0 pair of boots
Stlth    +.........             t - amulet of the acrobat
HPRegen  0.19/turn              c - ring of stealth
MPRegen  0.11/turn              v - ring "Figy Bipp" {+Fly rElec rN+}

@: confused
A: no food or potions, fire vulnerability, cold resistance 1, negative energy
resistance 3, torment resistance, unbreathing
a: Renounce Religion, Evoke Flight


You were on level 4 of the Dungeon.
You worshipped Xom.
You were a beloved toy of Xom.
You were not hungry.

You visited 1 branch of the dungeon, and saw 6 of its levels.

You collected 222 gold pieces.

Inventory:

Hand Weapons
 a - a +0 hand axe of chaos
 r - a +0 broad axe
 x - a +1 hand axe of electrocution (weapon)
Missiles
 n - 9 boomerangs
 q - 4 curare-tipped darts (quivered)
 w - 8 javelins
Armour
 e - a +4 ring mail (worn)
 f - a +0 pair of boots (worn)
 g - a +0 pair of gloves (worn)
 j - a +0 cloak (worn)
 s - a +0 chain mail
Jewellery
 c - a ring of stealth (left hand)
 h - an uncursed ring of ice
 t - an amulet of the acrobat (around neck)
 v - the ring "Figy Bipp" (right hand) {+Fly rElec rN+}
   (Xom gifted it to you on level 5 of the Dungeon)

   [ring of flight]

   It insulates you from electricity.
   It protects you from negative energy.
   It lets you fly.
Wands
 y - a wand of flame (13)
Scrolls
 b - a scroll of remove curse
 i - a scroll of blinking {unknown}
 k - 2 scrolls of identify {unknown}
 l - 2 scrolls of random uselessness
 m - 2 scrolls of enchant weapon {unknown}
 o - a scroll of enchant armour {unknown}
 p - a scroll of magic mapping {unknown}
 u - a scroll of immolation {unknown}


   Skills:
 * Level 3.6 Fighting
 * Level 7.8 Axes
 - Level 1.5 Armour
 * Level 1.9 Dodging
 * Level 1.2 Stealth


You had 7 spell levels left.
You didn't know any spells.
Your spell library was empty.

Dungeon Overview and Level Annotations

Branches:
Dungeon (6/15)
 Temple: D:4-7

Altars:
Fedhas
Gozag
Xom

Annotations:
D:3 exclusion: downstairs
D:4 2 transporters, flotson's ghost, novice VSFi


Innate Abilities, Weirdness & Mutations

You do not eat or drink.
Your flesh is vulnerable to fire.
You are immune to poison.
Your flesh is cold resistant. (rC+)
You are immune to negative energy. (rN+++)
You are immune to unholy pain and torment.
You can survive without breathing.


Message History

You bump into the rock wall.
Your cleaving frenzy subsides. "Serve the mortal, my children!"
The sphinx casts a spell.
Something smites you!
* * * LOW HITPOINT WARNING * * *
Unknown command.
Are you sure you want to stumble around while confused and next to your quasit?
Okay, then.
Are you sure you want to stumble around while confused and next to your quasit?
You hit your quasit. Lightning courses through your quasit!
You kill your quasit!
You hit the sphinx. Lightning courses through the sphinx!!
Xom's power flows through you!
The iron imp flies into a frenzy!
The quasit flies into a frenzy! x2
The sphinx resists with almost no effort.
The sphinx mumbles some strange words.
Something smites you!
You die...
Xom guffaws!

...#
#.###
#.#
...#
#.?.#
..#
...#
###.#
###
...#
#.#
...###
#.#
.##..
#.#
.##.#
#5#
....#
#H#
#..#
##@#
#..#
#.5#
...#
#5##
##.##
#.#
#.#
#.#
#.#
#.#
##.#
## #.#
....
..##>#
.#.#
#.##.#


You could see a sphinx, a neutral iron imp (insane) and 2 neutral quasits.

Vanquished Creatures
  A centaur (D:5)
  2 ogres
  A scorpion (D:5)
  A crimson imp (D:5)
  A centaur skeleton (D:4)
  A gnoll shaman (D:5)
  8 orc wizards
  4 orc priests
  An iguana (D:5)
  5 worker ants (D:5)
  A hound skeleton (D:5)
  4 gnolls (D:5)
  5 adders
  3 adder skeletons
  2 worms
  3 dart slugs (D:1)
  3 leopard geckos
  25 orcs
  4 bats (D:2)
  4 giant cockroaches
  5 hobgoblins
  2 jackals (D:3)
  5 kobolds
  2 quokkas
  A ball python (D:1)
  4 frilled lizards
  5 goblins
  A rat (D:2)
104 creatures vanquished.

Vanquished Creatures (collateral kills)
  A gnoll (D:5)
1 creature vanquished.

Vanquished Creatures (others)
  A fungus (D:5)
  4 plants (D:4)
5 creatures vanquished.

Grand Total: 110 creatures vanquished

Notes
Turn   | Place    | Note
-------+----------+-------------------------------------------
     0 | D:1      | Kurtz the Mummy Chaos Knight began the quest for the Orb.
     0 | D:1      | Reached XP level 1. HP: 18/18 MP: 1/1
   199 | D:1      | Reached XP level 2. HP: 24/24 MP: 2/2
   229 | D:1      | Reached skill level 3 in Axes
   259 | D:1      | XOM: cloud trail
   811 | D:2      | XOM: 6-stop teleportation journey
   834 | D:2      | XOM: cloud trail
   903 | D:2      | XOM: 6-stop teleportation journey
  1116 | D:2      | Reached XP level 3. HP: 23/29 MP: 3/3
  1766 | D:3      | Reached skill level 4 in Axes
  1766 | D:3      | Reached XP level 4. HP: 27/35 MP: 4/4
  1973 | D:3      | XOM: god gift: 6 gold pieces
  2042 | D:3      | XOM: 1-stop teleportation journey
  2522 | D:4      | Noticed an ogre
  2543 | D:3      | Killed an ogre
  2543 | D:3      | Reached skill level 5 in Axes
  2543 | D:3      | Reached XP level 5. HP: 21/41 MP: 5/5
  2716 | D:4      | Noticed an ogre
  2721 | D:4      | XOM: confuse monster(s)
  2900 | D:3      | XOM: enchant monster (bad)
  3207 | D:5      | Entered Level 5 of the Dungeon
  3209 | D:5      | Reached XP level 6. HP: 34/47 MP: 6/6
  3427 | D:5      | Reached skill level 6 in Axes
  3542 | D:5      | Reached XP level 7. HP: 23/52 MP: 7/7
  3935 | D:5      | Reached skill level 7 in Axes
  3969 | D:5      | Reached skill level 1 in Dodging
  3972 | D:5      | XOM: 1-stop teleportation journey
  3997 | D:5      | XOM: 2-stop teleportation journey
  4142 | D:5      | XOM: summons 4 hostile shadow creatures
  4186 | D:6      | XOM: noise
  4466 | D:5      | XOM: god gift: flickering ivory ring {god gift}
  4467 | D:5      | Got a flickering ivory ring {god gift}
  4470 | D:5      | Identified the ring "Figy Bipp" {+Fly rElec rN+} (Xom
                  | gifted it to you on level 5 of the Dungeon)
  4788 | D:5      | XOM: enchant monster (good)
  4796 | D:5      | Found a blossoming altar of Fedhas.
  4807 | D:5      | XOM: summons 3 hostile demons
  4895 | D:4      | Found an opulent altar of Gozag.
  4899 | D:4      | Reached skill level 1 in Stealth
  4926 | D:4      | XOM: butterfly on damage
  4929 | D:4      | Reached XP level 8. HP: 37/58 MP: 8/8
  5101 | D:4      | XOM: 3-stop teleportation journey
  5149 | D:4      | Found a transporter.
  5153 | D:4      | XOM: stat loss: -1 Dex (13/14)
  5170 | D:4      | Found a transporter.
  5170 | D:4      | Noticed flotson's ghost (novice VSFi)
  5182 | D:4      | Identified the +8 spear of the Other Side {chaos, rF+ Int+2
                  | Stlth-}
  5182 | D:4      | Identified the +1 ring mail of Failure {MR+}
  5182 | D:4      | Identified the +7 kite shield "Pesoko" {rElec Str+2 Slay-2}
  5203 | D:4      | XOM: blink monster(s)
  5210 | D:4      | Noticed a sphinx
  5210 | D:4      | an orc warrior changed into a sphinx
  5210 | D:4      | XOM: polymorph orc warrior -> sphinx
  5481 | D:4      | XOM: butterfly on damage
  5485 | D:4      | XOM: cleaving
  5486 | D:4      | XOM: scenery: create altars
  5491 | D:4      | XOM: polymorph butterfly -> river rat
  5501 | D:4      | XOM: enchant monster (good)
  5517 | D:4      | XOM: summons 4 friendly demons
  5518 | D:4      | XOM: cast spell 'Discord'
  5518 | D:4      | Killed from afar by a sphinx

Levels and vault maps discovered:
D:1:      nzn_arrival_settlement, layout_basic
D:2:      layout_basic, minmay_box_of_dots
D:3:      layout_basic, kennysheep_big_empty_room
D:4:      layout_loops_ring, grunt_gozag_breadcrumbs,
          gammafunk_ghost_gnarly_gnolls
D:5:      layout_basic, first_ration, fedhas_altar_3
D:6:      cheibrodos_fertilizer, layout_loops_ring, lemuel_doored_altar,
          overflow_temple_1_default, minmay_temple_entry_slanted,
          gammafunk_ghost_gnarly_gnolls

Skill      XL: |  1  2  3  4  5  6  7 |
---------------+----------------------+-----
Axes           | 3 4 5 6 7 |  7.8
Dodging        | 1 |  1.9
Stealth        | 1 |  1.2
Fighting       | |  3.6
Armour         | |  1.5

Action                   |  1- 3 |  4- 6 |  7- 9 || total
-------------------------+-------+-------+-------++-------
Melee: Hand axe          |    81 |   137 |   143 ||   361
Throw: Dart              |       |     2 |       ||     2
  Use: Scroll            |       |     3 |     1 ||     4
 Stab: Paralysed         |     1 |       |       ||     1
       Sleeping          |       |     1 |     1 ||     2
       Petrified         |       |       |     4 ||     4
       Distracted        |       |       |     2 ||     2
Armor: Leather armour    |    38 |    36 |       ||    74
       Chain mail        |       |    14 |       ||    14
       Ring mail         |       |     5 |    69 ||    74
Dodge: Dodged            |    53 |    81 |   124 ||   258

Table legend:
 A = Non-vault XP
 B = Vault XP
 C = Vault XP percentage of total XP
 D = Non-vault monster count
 E = Vault monster count
 F = Vault count percentage of total count
                 A         B        C        D         E       F
            +---------+---------+-------+---------+---------+-------
      Total |    1528 |      15 |   1.0 |     102 |       3 |   2.9
            +---------+---------+-------+---------+---------+-------
        D:1 |      24 |       0 |   0.0 |      10 |       0 |   0.0
        D:2 |      27 |      15 |  35.7 |      15 |       3 |  16.7
        D:3 |     241 |       0 |   0.0 |      21 |       0 |   0.0
        D:4 |     330 |       0 |   0.0 |      15 |       0 |   0.0
        D:5 |     903 |       0 |   0.0 |      40 |       0 |   0.0
        D:6 |       3 |       0 |   0.0 |       1 |       0 |   0.0
            +---------+---------+-------+---------+---------+-------
